 Dungeon Crawl Stone Soup version 0.25.1-8-g42b30a86e7 (webtiles) character file.

Game seed: 8318391097449397627

57 Destapler the Chopper (level 3, 0/33 HPs)
             Began as a Minotaur Berserker on Dec 18, 2020.
             Was a Believer of Trog.
             Slain by Crazy Yiuf
             ... wielding a +4 quarterstaff of chaos
              (15 damage)
             ... on level 2 of the Dungeon.
             The game lasted 00:02:39 (1448 turns).

Destapler the Chopper (Minotaur Berserker)          Turns: 1448, Time: 00:02:39

Health: 0/33       AC:  2    Str: 22    XL:     3   Next: 73%
Magic:  2/2        EV: 12    Int:  4    God:    Trog [**....]
Gold:   49         SH:  0    Dex:  9    Spells: 2/2 levels left

rFire    . . .     SeeInvis .   a - +0 hand axe (elec)
rCold    . . .     Gourm    .   (no shield)
rNeg     . . .     Faith    .   b - +0 animal skin
rPois    +         Spirit   .   (helmet restricted)
rElec    .         Reflect  .   (no cloak)
rCorr    .         Harm     .   (no gloves)
MR       .....                  (no boots)
Stlth    +.........             (no amulet)
HPRegen  0.11/turn              d - ring of poison resistance (curse)
MPRegen  0.08/turn              (no ring)

@: no status effects
A: retaliatory headbutt, horns 2
a: Berserk, Trog's Hand, Renounce Religion


You were on level 2 of the Dungeon.
You worshipped Trog.
Trog was pleased with you.
You were not hungry.

You visited 1 branch of the dungeon, and saw 2 of its levels.

You collected 49 gold pieces.

Inventory:

Hand Weapons
 a - a +0 hand axe of electrocution (weapon)
Armour
 b - a +0 animal skin (worn)
Jewellery
 d - a cursed ring of poison resistance (left hand)
Scrolls
 e - a scroll of enchant armour {unknown}
 g - 2 scrolls of identify {unknown}
 h - a scroll of fear {unknown}
 j - a scroll of enchant weapon {unknown}
 k - 2 scrolls of remove curse {unknown}
Potions
 i - a potion of curing {unknown}
 l - a potion of mutation {unknown}
Comestibles
 c - 3 rations
 f - a chunk of flesh


   Skills:
 + Level 4.2 Fighting
 + Level 4.2 Axes
 + Level 3.3 Armour
 + Level 2.9 Dodging


You had 2 spell levels left.
You didn't know any spells.
Your spell library was empty.

Dungeon Overview and Level Annotations

Branches:
Dungeon (2/15)

Altars:
Qazlal

Annotations:
D:2 Crazy Yiuf


Innate Abilities, Weirdness & Mutations

You reflexively headbutt those who attack you in melee.
You have a pair of horns on your head.


Message History

You see here a +1 dagger of speed.
Things that are here:
a +0 short sword; a stone You now have 49 gold pieces (gained 8).
Found a mace.
Found a runed translucent door.
No target in view!
No target in view!
Fire/throw which item? (* to show all) (? for menu, Esc to quit)
Okay, then.
Search for what [? for help]? .
Crazy Yiuf shouts!
Some of the chunks of flesh in your inventory have rotted away.
You open the door. You completely miss Crazy Yiuf.
Crazy Yiuf hits you with a +4 quarterstaff of chaos!!
Ouch! That really hurt!
You hit Crazy Yiuf. Your headbutt misses Crazy Yiuf.
Crazy Yiuf is lightly wounded.
Crazy Yiuf hits you with a +4 quarterstaff of chaos!
You die...

##### #)..# #...#
... #g# ♣@♣♣ ♣♣.♣
♣.♣♣ ###### ♣♣.♣ ##
#..... ♣♣.♣♣ #.#
###.###≈ ♣♣...♣
#.##...#.#≈ ♣...♣♣
##...###.#≈ #....#
##..#.....#≈
#....###.#...###.#≈


You could see Crazy Yiuf.

Vanquished Creatures
  2 adders (D:2)
  A dart slug (D:1)
  A leopard gecko (D:1)
  2 giant cockroaches (D:1)
  10 goblins
  3 hobgoblins (D:1)
  7 kobolds
  3 bats (D:1)
  2 frilled lizards
  3 rats (D:1)
34 creatures vanquished.

Notes
Turn   | Place    | Note
-------+----------+-------------------------------------------
     0 | D:1      | Destapler the Minotaur Berserker began the quest for the
                  | Orb.
     0 | D:1      | Reached XP level 1. HP: 19/19 MP: 0/0
   250 | D:1      | Reached XP level 2. HP: 27/27 MP: 1/1
   633 | D:1      | Reached ** piety under Trog
  1103 | D:1      | Reached XP level 3. HP: 33/33 MP: 2/2
  1279 | D:2      | Found a stormy altar of Qazlal.
  1281 | D:2      | Noticed a water elemental
  1282 | D:2      | Noticed a fire elemental
  1282 | D:2      | Noticed an earth elemental
  1282 | D:2      | Noticed an air elemental
  1442 | D:2      | Found a runed translucent door.
  1443 | D:2      | Noticed Crazy Yiuf
  1448 | D:2      | Slain by Crazy Yiuf

Illustrated notes

Levels and vault maps discovered:
D:1:      nicolae_arrival_washed_ashore, layout_basic, minmay_3d_cube
D:2:      layout_loops_cross, xom_redecorated, nicolae_qazlal_style_of_elements,
          grunt_decor_clamped, minmay_crystal_water, grunt_decor_cap,
          minmay_goblin_outpost, uniq_terence, uniq_crazy_yiuf_cottage

Skill      XL: |  1  2 |
---------------+-------+-----
Fighting       | 4 |  4.2
Axes           | 4 |  4.2
Armour         | 3 |  3.3
Dodging        | |  2.9

Action                   || total
-------------------------++-------
Melee: Hand axe          ||    44
       Headbutt          ||     7
Invok: Berserk           ||     1
  Eat: Chunk             ||     2
Armor: Animal skin       ||     5
Dodge: Dodged            ||    42
